 Dungeon Crawl Stone Soup version 0.28.0-47-ge53b351184 (webtiles) character file.

Game seed: 4761948698049473434

54 Icepheonix32 the Chiller (level 3, -1/24 HPs)
             Began as a Demonspawn Ice Elementalist on May 4, 2022.
             Slain by a worm (9 damage)
             ... on level 2 of the Dungeon.
             The game lasted 00:01:48 (2090 turns).

Icepheonix32 the Chiller (DsIE)                     Turns: 2090, Time: 00:01:48

Health: -1/24      AC:  8    Str:  8    XL:     3   Next: 66%
Magic:  2/6        EV: 12    Int: 18    God:
Gold:   58         SH:  0    Dex: 13    Spells: 0/7 levels left

rFire   . . .      SeeInvis .   l - +1 short sword (vamp)
rCold   . . .      Faith    .   (no shield)
rNeg    . . .      Spirit   .   a - +0 robe
rPois   .          Reflect  .   (no helmet)
rElec   .          Harm     .   (no cloak)
rCorr   .          Rampage  .   (no gloves)
Will    .....                   (no boots)
Stlth   ++........              (no amulet)
HPRegen 0.08/turn               (no ring)
MPRegen 0.10/turn               (no ring)

@: ice-armoured
A: powered by pain 1
a: no special abilities


You were on level 2 of the Dungeon.
You visited 1 branch of the dungeon, and saw 2 of its levels.

You collected 58 gold pieces.

Inventory:

Hand Weapons
 f - a +0 dagger
 i - a +0 spear
 l - a +1 vampiric short sword (weapon)
Armour
 a - a +0 robe (worn)
Scrolls
 g - a scroll of fog {unknown}
 h - 3 scrolls of identify {unknown}
 k - a scroll of torment {unknown}
Potions
 b - a potion of lignification {unknown}
 c - a potion of might {unknown}
 d - a potion of heal wounds {unknown}
 e - a potion of mutation {unknown}
 j - a potion of cancellation {unknown}


   Skills:
 - Level 1.7 Dodging
 - Level 1.7 Stealth
 - Level 2.5 Spellcasting
 + Level 4.6 Ice Magic


You couldn't memorise any spells.
You knew the following spells:

 Your Spells              Type           Power      Damage    Failure   Level
a - Freeze                Ice            72%        1d9       2%          1
b - Ozocubu's Armour      Ice            18%        N/A       8%          3
c - Frozen Ramparts       Ice            36%        1d5       8%          3

Your spell library contained the following spells:

 Spells                   Type           Power      Damage    Failure   Level
 Blink                    Tloc           4%         N/A       26%         2
 Lesser Beckoning         Tloc           2%         N/A       45%         3
 Hailstorm                Conj/Ice       10%        3d5       54%         4
 Manifold Assault         Tloc           2%         N/A       99%         5


Dungeon Overview and Level Annotations

Branches:
Dungeon (2/15)

Altars:


Innate Abilities, Weirdness & Mutations

You sometimes gain a little power by taking damage.


Message History

You hit the dart slug.
The dart slug is heavily wounded.
You hit the dart slug.
The dart slug is almost dead.
The dart slug launches a dart at you. The slug dart misses you.
You hit the dart slug.
You kill the dart slug!
You can't see any susceptible monsters within range! (Use Z to cast anyway.)
Your icy armour starts to melt.
Your icy armour evaporates.
Things that are here:
a +0 club; a rat corpse A worm comes into view.
You completely miss the worm. The worm closely misses you.
You freeze the worm!
The worm is heavily wounded.
You barely miss the worm.
The worm is heavily wounded.
The worm bites you!
You hit the worm.
The worm is heavily wounded.
The worm bites you.
You are too injured to fight recklessly!
Casting: Freeze (safe; 2% risk of failure)
Confirm with . or Enter, or press ? or * to list all spells.
The spell is quite dangerous to miscast (8% risk of failure)!
Continue anyway?
Okay, then.
Casting: Ozocubu's Armour (quite dangerous; 8% risk of failure)
Confirm with . or Enter, or press ? or * to list all spells.
The spell is quite dangerous to miscast (8% risk of failure)!
Continue anyway?
A film of ice covers your body!
Unknown command.
Casting: Ozocubu's Armour (quite dangerous; 8% risk of failure)
Confirm with . or Enter, or press ? or * to list all spells.
Okay, then.
You hit the worm but do no damage.
The worm is heavily wounded.
The worm bites you!
You die...

###########.####
####.......@w......
#....########......
#.#### ...## #.#
.## #.# # #.# #.
#.# #.# #.# ##.##
####.######
####...##


You could see a worm.

Vanquished Creatures
  2 adders (D:2)
  A dart slug (D:2)
  3 endoplasms
  A giant cockroach (D:1)
  6 hobgoblins
  4 jackals (D:2)
  4 kobolds
  A quokka (D:1)
  A ball python (D:2)
  4 frilled lizards
  6 rats
33 creatures vanquished.

Notes
Turn   | Place    | Note
-------+----------+-------------------------------------------
     0 | D:1      | Icepheonix32 the Demonspawn Ice Elementalist began the
                  | quest for the Orb.
     0 | D:1      | Reached XP level 1. HP: 13/13 MP: 3/3
   366 | D:1      | Reached skill level 4 in Ice Magic
   603 | D:1      | Gained mutation: You sometimes gain a little power by
                  | taking damage. [demonic ancestry]
   603 | D:1      | Reached XP level 2. HP: 14/19 MP: 1/5
   743 | D:1      | Found a faded altar of an unknown god.
  1264 | D:2      | Reached XP level 3. HP: 24/24 MP: 4/6
  1268 | D:2      | Learned a level 3 spell: Ozocubu's Armour
  1272 | D:2      | Learned a level 3 spell: Frozen Ramparts
  2090 | D:2      | Slain by a worm

Illustrated notes

Levels and vault maps discovered:
D:1:      wheals_arrival_shading, layout_loops_ring,
          hellmonk_ecumenical_altar_heavens_door
D:2:      layout_loops_corners, amcnicky_mini_pool_small

Skill      XL: |  1 |
---------------+----+-----
Ice Magic      | 4 |  4.6
Dodging        | |  1.7
Stealth        | |  1.7
Spellcasting   | |  2.5

Action                   || total
-------------------------++-------
Melee: Unarmed           ||     8
       Dagger            ||     6
       Short sword       ||    11
       Spear             ||     5
 Cast: Freeze            ||    41
       Ozocubu's Armour  ||     2
 Stab: Sleeping          ||     5
Armor: Robe              ||     9
Dodge: Dodged            ||    22
